 Seeded DCSS version 0.28-a0-863-g8cecda6153 (webtiles) character file.

Game seed: 20211120 (custom seed)

3486 a11behringer the Arsonist (level 9, -3/71 HPs)
             Began as a Black Draconian Cinder Acolyte on Nov 19, 2021.
             Was a High Priest of Ignis.
             Slain by a yak (11 damage)
             ... on level 8 of the Dungeon.
             The game lasted 00:28:02 (7115 turns).

a11behringer the Arsonist (DrCA)                    Turns: 7115, Time: 00:28:03

Health: -3/71      AC:  8    Str: 17    XL:     9   Next: 79%
Magic:  8/39       EV: 11    Int: 17    God:    Ignis [*****.]
Gold:   507        SH:  0    Dex:  7    Spells: 23/25 levels left

rFire   + + .      SeeInvis .   x - staff of fire
rCold   . . .      Faith    .   (no shield)
rNeg    . . .      Spirit   .   (armour unavailable)
rPois   .          Reflect  .   (helmet restricted)
rElec   +          Harm     .   i - scarf {+Inv}
rCorr   .          Rampage  .   g - +0 pair of gloves
Will    .....                   (no boots)
Stlth   +.........              (no amulet)
HPRegen 0.21/turn               j - ring of magical power
MPRegen 0.26/turn               E - ring of magical power

@: no status effects
A: breathe lightning, AC +7, unfitting armour, electricity resistance,
cold-blooded
a: Breathe Lightning, Renounce Religion, Evoke Invisibility, Sea of Fire,
Foxfire Swarm, Rising Flame


You were on level 8 of the Dungeon.
You worshipped Ignis.
Ignis was extremely pleased with you.
You visited 1 branch of the dungeon, and saw 8 of its levels.

You collected 507 gold pieces.

Inventory:

Hand Weapons
 a - a +1 falchion of flaming
 y - the +7 spear "Medu" {venom, Drain Int+3 Dex+4 Stlth+}
   (You found it on level 6 of the Dungeon)

   It poisons the flesh of those it strikes.
   Int:       It affects your intelligence (+3).
   Dex:       It affects your dexterity (+4).
   Drain:     It drains your maximum health when unequipped.
   Stlth:     It makes you more stealthy.
Missiles
 o - a throwing net (quivered)
Armour
 g - a +0 pair of gloves (worn)
 i - a scarf of invisibility (worn)
 k - a +0 kite shield
 A - a +2 buckler
Magical Staves
 x - a staff of fire (weapon)
Jewellery
 j - a ring of magical power (left hand)
 E - a ring of magical power (right hand)
Wands
 t - a wand of mindburst (17)
 C - a wand of charming (7)
 D - a wand of iceblast (7)
Scrolls
 f - 3 scrolls of teleportation
 h - 2 scrolls of enchant weapon
 p - 2 scrolls of torment {unknown}
 r - 4 scrolls of vulnerability {unknown}
 u - a scroll of magic mapping {unknown}
 v - 4 scrolls of identify
 w - a scroll of silence {unknown}
 z - a scroll of fear {unknown}
Potions
 b - a potion of attraction
 c - 4 potions of flight
 d - a potion of curing {unknown}
 e - a potion of invisibility {unknown}
 l - a potion of heal wounds {unknown}
 m - a potion of brilliance {unknown}
 n - a potion of lignification {unknown}
 q - a potion of degeneration {unknown}
 s - a potion of haste {unknown}
 B - a potion of cancellation {unknown}


   Skills:
 + Level 4.1 Fighting
 + Level 4.6 Long Blades
 * Level 2.0 Staves
 + Level 2.1 Dodging
 + Level 1.3 Stealth
 + Level 8.6 Spellcasting
 + Level 9.3 Fire Magic


You had 23 spell levels left.
You knew the following spells:

 Your Spells              Type           Power      Damage    Failure   Level
a - Scorch                Fire           100%       2d10      1%          2

Your spell library contained the following spells:

 Spells                   Type           Power      Damage    Failure   Level
 Sting                    Tmut/Pois      28%        1d4       10%         1
 Poisonous Vapours        Pois/Air       14%        N/A       16%         2
 Olgreb's Toxic Radiance  Pois           7%         N/A       69%         4


Dungeon Overview and Level Annotations

Branches:
Dungeon (8/15)             Temple (0/1) D:4
   Lair: D:8-11

Altars:
Ashenzari
Fedhas
Sif Muna
Vehumet
Yredelemnul
The Shining One

Shops:
D:4 (

Annotations:
D:6 exclusion: oklob plant


Innate Abilities, Weirdness & Mutations

You can breathe wild blasts of lightning.
Your glossy black scales are hard. (AC +7)
You cannot fit into any form of body armour.
You are resistant to electric shocks. (rElec)
You are cold-blooded and may be slowed by cold attacks.


Message History

Confirm with . or Enter, or press ? or * to list all spells.
You feel a surge of power!
Flames lash the yak.
The yak is burned terribly!
The yak is severely wounded.
The yak gores you.
Casting: Scorch (safe; 1% risk of failure)
Confirm with . or Enter, or press ? or * to list all spells.
You feel a surge of power!
Flames lash the yak.
The yak is burned terribly!
You kill the yak!
The yak gores you but does no damage.
Your Staves skill increases to level 2!
Casting: Scorch (safe; 1% risk of failure)
Confirm with . or Enter, or press ? or * to list all spells.
You feel a surge of power!
Flames lash the yak.
The yak is almost dead.
The yak's fire resistance burns away.
The yak closely misses you.
Casting: Scorch (safe; 1% risk of failure)
Confirm with . or Enter, or press ? or * to list all spells.
You don't have enough magic to cast this spell.
Casting: Scorch (safe; 1% risk of failure)
Confirm with . or Enter, or press ? or * to list all spells.
You don't have enough magic to cast this spell.
The yak is no longer more vulnerable to fire.
You hear some strange, mumbled words.
You are confused.
The yak closely misses you. The yak barely misses you.
You're too confused to move!
The yak gores you!
* * * LOW HITPOINT WARNING * * *
You bump into the rock wall.
The yak barely misses you.
You bump into the rock wall.
The yak gores you!
* * * LOW HITPOINT WARNING * * *
You feel less confused.
Things that are here:
a +0 robe; a +0 dagger A magic dart appears from out of thin air!
The magic dart hits you.
* * * LOW HITPOINT WARNING * * *
There is a stone staircase leading up here.
The yak gores you!
You die...

#...... ..#.#
#....#.....###.#.#
#....#.....#.#.#.#
#....#.....#.#.#.####
#....#.....#.#.#.##.#
#....#.....#.#.#.##.# #
...#...[[..........
..##.##.#.....#.#.#.##.#
.......@Y..YY...........
#.##....#.....#.#.#.#..#
#.##...÷.....#.#.#..#
#.##.#.#÷..#.#.#.#...
......................
......................
................##.....
##...##........###....#
..... ####.##### #.....


You could see 3 yaks.

Vanquished Creatures
  Prince Ribbit (D:6)
  A wyvern (D:7)
  4 yaks (D:8)
  2 water moccasins (D:5)
  3 ice beasts
  2 ogres
  2 sky beasts
  2 necrophages
  2 centaurs
  A kobold brigand (D:7)
  A gnoll sergeant (D:6)
  2 bullfrogs
  4 scorpions
  A wyvern zombie (D:7)
  6 howler monkeys
  3 hounds
  An orc priest (D:4)
  2 centaur skeletons
  A jelly (D:6)
  3 iguanas
  3 orc wizards (D:8)
  A howler monkey zombie (D:8)
  8 gnolls
  13 adders
  A shadow imp (D:5)
  2 white imps
  An adder skeleton (D:4)
  A worm (D:5)
  A dart slug (D:3)
  6 orcs
  8 bats
  6 endoplasms
  2 giant cockroaches
  6 hobgoblins
  4 jackals (D:1)
  22 kobolds
  5 quokkas
  9 ball pythons
  7 goblins
  5 rats
155 creatures vanquished.

Vanquished Creatures (others)
  18 foxfires (D:8)
  2 plants (D:2)
20 creatures vanquished.

Grand Total: 175 creatures vanquished

Notes
Turn   | Place    | Note
-------+----------+-------------------------------------------
     0 | D:1      | a11behringer the Draconian Cinder Acolyte began the quest
                  | for the Orb.
     0 | D:1      | Reached XP level 1. HP: 19/19 MP: 2/2
   452 | D:1      | Reached XP level 2. HP: 26/26 MP: 3/3
   455 | D:1      | Learned a level 2 spell: Scorch
   969 | D:2      | Found a faded altar of an unknown god.
   979 | D:2      | Reached XP level 3. HP: 31/31 MP: 1/4
  1548 | D:3      | Reached XP level 4. HP: 35/40 MP: 0/5
  1673 | D:3      | Reached skill level 1 in Dodging
  2305 | D:4      | Noticed a necrophage
  2316 | D:4      | Killed a necrophage
  2317 | D:4      | Reached skill level 4 in Fire Magic
  2317 | D:4      | Reached XP level 5. HP: 42/46 MP: 8/8
  2375 | D:4      | Found a staircase to the Ecumenical Temple.
  2538 | D:4      | Reached XP level 6. HP: 52/52 MP: 5/9
  2744 | D:4      | Found Icoasizy's Antique Weapon Emporium.
  3030 | D:4      | Found a radiant altar of Vehumet.
  3081 | D:4      | Found a broken altar of Ashenzari.
  3164 | D:4      | Reached skill level 5 in Fire Magic
  3164 | D:4      | Your scales start taking on a glossy black colour.
  3164 | D:4      | Reached XP level 7. HP: 12/58 MP: 5/12
  3164 | D:4      | Gained mutation: You are resistant to electric shocks.
                  | (rElec) [Black Draconian growth]
  3570 | D:5      | Entered Level 5 of the Dungeon
  3654 | D:5      | Found a glowing golden altar of the Shining One.
  3656 | D:5      | Noticed an angel
  3665 | D:5      | Found a basalt altar of Yredelemnul.
  3667 | D:5      | Noticed a profane servitor
  4100 | D:5      | Reached skill level 6 in Fire Magic
  4167 | D:5      | Reached skill level 5 in Spellcasting
  4167 | D:5      | Reached XP level 8. HP: 51/66 MP: 15/15
  4779 | D:6      | Reached skill level 7 in Fire Magic
  5180 | D:6      | Reached skill level 1 in Stealth
  5345 | D:6      | Noticed Prince Ribbit
  5350 | D:6      | Killed Prince Ribbit
  5475 | D:6      | Reached XP level 9. HP: 71/71 MP: 9/19
  5563 | D:6      | Reached skill level 8 in Fire Magic
  5620 | D:6      | Identified the +7 spear "Medu" {venom, Drain Int+3 Dex+4
                  | Stlth+}
  5832 | D:6      | Found a blossoming altar of Fedhas.
  5855 | D:6      | Noticed an oklob plant
  6692 | D:8      | Reached skill level 9 in Fire Magic
  7047 | D:8      | Found a shimmering blue altar of Sif Muna.
  7077 | D:8      | Reached skill level 1 in Staves
  7115 | D:8      | Slain by a yak

Illustrated notes

Levels and vault maps discovered:
D:1:      wheals_arrival_shading, layout_rooms
D:2:      minmay_kobold_bridge, layout_rooms,
          dilly_ecumenical_altar_fadedgnrine, amcnicky_mini_pool_small,
          chequers_serial_rivers_small_b
D:3:      layout_rooms, serial_bayou_pond_b
D:4:      layout_cave_pools, mainiacjoe_overflow_big_doors,
          minmay_temple_entry_junction, serial_shops, nicolae_shop_trees
D:5:      layout_basic, grunt_temple_overflow_holy_war, hangedman_glass_teeth,
          kennysheep_generic_room_2
D:6:      layout_basic, tgw_fedhas, grunt_ministairs_4, uniq_prince_ribbit1
D:7:      layout_basic
D:8:      minmay_flawed_box, layout_basic, mainiacjoe_overflow_surrounded_room,
          grunt_temple_overflow_open

Skill      XL: |  1  2  3  4  5  6  7  8  9 |
---------------+----------------------------+-----
Long Blades    | 4 |  4.6
Dodging        | 1 2 |  2.1
Spellcasting   | 2 3 5 7 8 |  8.6
Fire Magic     | 4 5 6 7 9 |  9.3
Fighting       | 4 |  4.1
Stealth        | 1 |  1.3
Staves         | 2 |  2.0

Action                   |  1- 3 |  4- 6 |  7- 9 || total
-------------------------+-------+-------+-------++-------
Melee: Falchion          |   104 |    34 |     3 ||   141
       Tailslap          |     4 |     3 |       ||     7
       Staff             |       |       |     2 ||     2
 Cast: Scorch            |     6 |    58 |   154 ||   218
Invok: Foxfire Swarm     |       |       |     1 ||     1
 Abil: Breathe Lightning |       |       |     8 ||     8
  Use: Scroll            |     3 |     1 |     1 ||     5
Armor: Skin              |    31 |    26 |    37 ||    94
Dodge: Dodged            |    77 |    33 |    64 ||   174

Table legend: (Time is in decaauts)
 A = Elapsed time spent in this place.
 B = Non-inter-level travel time spent in this place.
 C = Inter-level travel time spent in this place.
 D = Time resting spent in this place.
 E = Time spent auto-exploring this place.
 F = Levels seen in this place.
 G = Mean time per level.
                   A        B        C        D        E       F      G
               +--------+--------+--------+--------+--------+-----+--------+
         Total |   7134 |   6310 |    824 |      0 |   5356 |   8 |  891.8 |
       Dungeon |   7134 |   6310 |    824 |      0 |   5356 |   8 |  891.8 |
               +--------+--------+--------+--------+--------+-----+--------+

Top non-repeatable levels by time:
     D:5: 1197 daAuts
     D:4: 1186 daAuts
     D:6: 1138 daAuts
     D:7: 1010 daAuts
     D:3: 922 daAuts
     D:1: 883 daAuts
     D:2: 598 daAuts
     D:8: 199 daAuts
